 Dungeon Sprint DCSS version 0.21.0-3-g78d12a8 (webtiles) character file.

165 wojtek the Cleaver (level 5, -17/51 HPs)
             Began as a Minotaur Berserker on Jan 15, 2018.
             Was an Elder of Trog.
             Killed from afar by a deep elf mage (19 damage)
             ... with an orb of energy
             ... in the Dungeon (Sprint III: "The Ten Rune Challenge").
             The game lasted 00:01:24 (774 turns).

wojtek the Cleaver (Minotaur Berserker)              Turns: 774, Time: 00:01:25

Health: -17/51     AC:  2    Str: 23    XL:     5   Next: 22%
Magic:  4/4        EV: 14    Int:  4    God:    Trog [****..]
Gold:   41         SH:  0    Dex:  9    Spells: 4/4 levels left

rFire    . . .     SeeInvis .   a - +0 hand axe
rCold    . . .     Gourm    .   (no shield)
rNeg     . . .     Faith    .   b - +0 animal skin
rPois    .         Spirit   .   (helmet restricted)
rElec    .         Reflect  .   (no cloak)
rCorr    .         Harm     .   (no gloves)
MR       .....     NoTele   +   (no boots)
Stlth    +.........             (no amulet)
HPRegen  0.17/turn              (no ring)
MPRegen  0.09/turn              (no ring)

@: no status effects
A: retaliatory headbutt, horns 2
a: Berserk, Trog's Hand, Brothers in Arms, Burn Spellbooks, Renounce Religion


You were in the Dungeon.
You worshipped Trog.
Trog was greatly pleased with you.
You were not hungry.

You visited 1 branch You collected 41 gold pieces.

Inventory:

Hand Weapons
 a - a +0 hand axe (weapon)
Armour
 b - a +0 animal skin (worn)
Scrolls
 i - a scroll of blinking
 l - a scroll of torment {unknown}
 m - 4 scrolls of identify
 n - 2 scrolls of remove curse {unknown}
 q - a scroll of holy word {unknown}
Potions
 d - 3 potions of curing
 e - a potion of heal wounds
 f - a potion of haste
 g - 2 potions of magic
 h - a potion of berserk rage
 k - 3 potions of mutation {unknown}
 o - 2 potions of degeneration {unknown}
 p - 2 potions of flight
Comestibles
 c - 2 rations


   Skills:
 + Level 6.7 Fighting
 * Level 8.9 Axes
 + Level 6.1 Armour
 + Level 5.6 Dodging


You had 4 spell levels left.
You didn't know any spells.

Dungeon Overview and Level Annotations

Branches:
Dungeon (1/1)

Altars:
Elyvilon
Kikubaaqudgha
Sif Muna
Vehumet
Zin
The Shining One


Innate Abilities, Weirdness & Mutations

You reflexively headbutt those who attack you in melee.
You have a pair of horns on your head.


Message History

You are knocked back by the lance of force.
You slam into the stone wall!
* * * LOW HITPOINT WARNING * * *
The spellbook bursts into flames.
Trog is delighted!
Something appears at your feet! Trog grants you ammunition!
The deep elf mage is engulfed in blazing flames.
You hit the deep elf mage. You headbutt the deep elf mage.
The deep elf mage is severely wounded.
The deep elf mage drinks a potion.
The deep elf mage is healed!
You closely miss the deep elf mage. You headbutt the deep elf mage!
The deep elf mage is severely wounded.
The deep elf mage points at you and mumbles some strange words.
The magic dart hits you!
* * * LOW HITPOINT WARNING * * *
You hit the deep elf mage but do no damage.
The deep elf mage is severely wounded.
The deep elf mage gestures at you while chanting.
The orb of energy hits you!
You die...

▓▓▓▓▓▓ ▓▓▓ .#(..####
##.#####
.#......#####..#___#
##.......#..#..#e..#
.##.##...#..#..###§#+###+##
.##.###..##'#..#@e........#
####.##..###...'.⌠........#
##..##..####...#...######+#
....##).###....#.⌠.#
#..##...##.....#...#
..##....#......#)###
.###..##.#.....#...# .#
#..#####....#___# ▓▓ ▓▓▓▓
▓▓▓▓▓▓▓▓▓▓


You could see a deep elf mage.

Vanquished Creatures
  A water elemental (D)
  A wizard (D)
  Jessica (D)
  A human (D)
  A kobold demonologist (D)
  An ooze (D)
  A phantom (D)
  2 rats (D)
9 creatures vanquished.

Vanquished Creatures (others)
  2 draconian scorchers (D)
  2 yaktaurs (D)
  6 hellions (D)
  An electric eel (D)
  2 plants (D)
13 creatures vanquished.

Grand Total: 22 creatures vanquished

Notes
Turn   | Place    | Note
-------+----------+-------------------------------------------
     0 | D        | wojtek the Minotaur Berserker began the quest for the Orb.
     0 | D        | Reached XP level 1. HP: 19/19 MP: 0/0
    50 | D        | Reached skill level 4 in Axes
   106 | D        | Killed a hellion
   108 | D        | Killed a hellion
   109 | D        | Killed a hellion
   109 | D        | Killed a hellion
   109 | D        | Killed a hellion
   109 | D        | Killed a hellion
   128 | D        | Killed a white draconian scorcher
   168 | D        | Killed a white draconian scorcher
   173 | D        | Killed a yaktaur
   242 | D        | Reached ** piety under Trog
   294 | D        | Noticed Jessica
   298 | D        | Killed Jessica
   298 | D        | Reached skill level 5 in Axes
   298 | D        | Reached XP level 2. HP: 26/28 MP: 1/1
   298 | D        | Reached XP level 3. HP: 33/35 MP: 2/2
   334 | D        | Reached skill level 5 in Fighting
   334 | D        | Reached skill level 6 in Axes
   380 | D        | Killed a yaktaur
   518 | D        | Reached *** piety under Trog
   536 | D        | Noticed a water elemental
   542 | D        | Killed a water elemental
   542 | D        | Reached skill level 8 in Axes
   542 | D        | Reached skill level 5 in Armour
   542 | D        | Reached skill level 5 in Dodging
   542 | D        | Reached XP level 4. HP: 33/44 MP: 3/3
   705 | D        | Found a radiant altar of Vehumet.
   705 | D        | Found a deep blue altar of Sif Muna.
   705 | D        | Found an ancient bone altar of Kikubaaqudgha.
   705 | D        | Noticed a wizard
   708 | D        | Killed a wizard
   708 | D        | Reached XP level 5. HP: 51/51 MP: 4/4
   711 | D        | Reached **** piety under Trog
   765 | D        | Found a glowing silver altar of Zin.
   765 | D        | Found a glowing golden altar of the Shining One.
   765 | D        | Found a white marble altar of Elyvilon.
   766 | D        | Noticed a deep elf mage
   771 | D        | Received a gift from Trog
   773 | D        | HP: 2/51 [deep elf mage/magic dart (11)]
   774 | D        | Killed from afar by a deep elf mage

Skill      XL: |  1  2  3  4  5 |
---------------+----------------+-----
Fighting       | 4 6 |  6.7
Axes           | 5 8 |  8.9
Armour         | 4 5 6 |  6.1
Dodging        | 3 5 |  5.6

Action                   |  1- 3 |  4- 6 || total
-------------------------+-------+-------++-------
Melee: Hand axe          |    35 |     6 ||    41
       Headbutt          |     4 |     2 ||     6
Invok: Berserk           |     1 |     1 ||     2
       Burn Spellbooks   |       |     1 ||     1
 Stab: Sleeping          |     1 |       ||     1
  Eat: Ration            |       |     1 ||     1
Armor: Animal skin       |     2 |       ||     2
Dodge: Dodged            |    14 |     1 ||    15
